Cogmind - Beta 13 @@@ ROGUE MODE // 2024.04.18 @ 16:32:11 Player: Destreich Result: Destroyed by Y-45 Defender with Heavy Assault Rifle Performance ------------- Evolutions (2) 1000 Regions Visited (6) 1200 Robots Destroyed (19) 95 Value Destroyed (734) 734 Prototype IDs (4) 80 Alien Tech Used (0) 0 Bonus (300) 300 TOTAL SCORE: 3409 Bonus ------- Aligned with FarCom 300 Cogmind --------- Core Integrity 0/550 Matter 245/300 Energy 100/100 System Corruption 0% Temperature Cool (3) Movement Flying (35) Location -8/Storage Parts ------- > --- POWER (1) -------- (None) > --- PROPULSION (4) --- Improved VTOL Module > --- UTILITY (4) ------ (None) > --- WEAPON (2) ------- Enhanced Autogun > --- INVENTORY (5) ---- Light Nuclear Core Light Nuclear Core Light Nuclear Core Small Storage Unit Missile Launcher Peak State ------------ > --- POWER ------------ Light Ion Engine > --- PROPULSION ------- Light Treads Light Treads Aluminum Leg > --- UTILITY ---------- Improved Heat Sink Medium Storage Unit Signal Interpreter > --- WEAPON ----------- Heavy Laser Bore Cannon > --- INVENTORY -------- Light Nuclear Core Light Nuclear Core Hover Unit Hover Unit Small Storage Unit Small Laser Light Assault Rifle Grenade Launcher Datajack [Rating: 19] Favorites ----------- Power Light Ion Engine Engine Light Ion Engine Propulsion Aluminum Leg Treads Light Treads Leg Aluminum Leg Hover Unit Hover Unit Flight Unit Improved VTOL Module Utility Signal Interpreter Device Improved Heat Sink Storage Medium Storage Unit Processor Signal Interpreter Protection Improved Propulsion Shielding Weapon Light Assault Rifle Energy Gun Medium Laser Ballistic Gun Light Assault Rifle Ballistic Cannon Bore Cannon Launcher Missile Launcher Special Melee Weapon Datajack Build | -11 -10 -10 -10 -9 -8 -8 ------- Run | Yrd Mat Min Exi Min Mat Sto Slots Evolved 4 | . . . . . 4 . Power . | . . . . . . . Propulsion 2 | . . . . . 2 . Utility 2 | . . . . . 2 . Weapon . | . . . . . . . Parts Attached 26 | . 5 2 1 3 11 4 Power 2 | . 1 . . 1 . . Engine 2 | . 1 . . 1 . . Core . | . . . . . . . Reactor . | . . . . . . . Propulsion 5 | . . 1 . . 3 1 Treads 2 | . . . . . 2 . Leg 1 | . . 1 . . . . Wheel . | . . . . . . . Hover 1 | . . . . . 1 . Flight 1 | . . . . . . 1 Utility 6 | . 1 1 . . 4 . Device 1 | . . . . . 1 . Storage 3 | . . 1 . . 2 . Processor 1 | . 1 . . . . . Hackware . | . . . . . . . Protection 1 | . . . . . 1 . Artifact . | . . . . . . . Weapon 13 | . 3 . 1 2 4 3 Energy Gun 5 | . 1 . . 2 2 . Energy Cannon . | . . . . . . . Ballistic Gun 4 | . 1 . . . 1 2 Ballistic Cannon 1 | . . . . . 1 . Launcher 1 | . . . . . . 1 Special Weapon . | . . . . . . . Impact Weapon . | . . . . . . . Slashing Weapon . | . . . . . . . Piercing Weapon . | . . . . . . . Special Melee Weapon 2 | . 1 . 1 . . . Unidentified Prototypes 4 | . . . . . 1 3 Parts Lost 9 | . . . . 1 8 . Power 2 | . . . . 1 1 . Propulsion 3 | . . . . . 3 . Utility . | . . . . . . . Weapon 4 | . . . . . 4 . Highest Loss Streak 6 | . . . . 1 6 . To Critical Strikes . | . . . . . . . Average Slot Usage (%) 84 | . 94 100 100 99 61 15 Engine 11 | . 14 14 14 13 6 . Treads 2 | . . . . . 12 . Leg 21 | . 28 28 28 28 8 . Storage 11 | . 14 14 14 14 6 . Processor 10 | . 8 14 14 14 6 . Energy Gun 9 | . 17 14 2 14 6 . Ballistic Gun 10 | . 10 14 14 14 2 7 Special Melee Weapon 2 | . . . 11 . . . Naked Turns 69 | . . . . . 43 26 Heaviest Build 27 | 13 13 16 16 16 27 9 Greatest Support 20 | 20 20 20 20 20 20 5 Greatest Overweight (x) 2 | . . . . . 2 2 Average Overweight (x) . | . . . . . . . Largest Inventory Capacity 10 | 8 8 10 10 10 10 5 Average Capacity 8 | 8 8 9 10 10 8 5 Most Carried 10 | 6 8 9 9 10 9 5 Average Carried 8 | 6 7 8 9 9 7 4 Final Capacity 10 | 8 8 10 10 10 5 5 Final Carried 9 | 6 7 9 9 9 5 5 Class Distribution -------------------- 100% | Mutant Dominant Class ---------------- Mutant | -10/Materials Mutant | -10/Mines Mutant | -10/Exiles Mutant | -9/Mines Mutant | -8/Materials Mutant | -8/Storage Resources | -11 -10 -10 -10 -9 -8 -8 ----------- Run | Yrd Mat Min Exi Min Mat Sto Matter Collected 514 | 200 23 63 . 20 208 . Remotely . | . . . . . . . Salvage Created 754 | . 23 173 . . 558 . Parts 32 | . 3 8 . . 21 . Haulers Intercepted . | . . . . . . . Recyclers Shooed . | . . . . . . . Parts Field Recycled . | . . . . . . . Retrieved Matter . | . . . . . . . Parts Self-Destructed . | . . . . . . . Prevented . | . . . . . . . Kills | -11 -10 -10 -10 -9 -8 -8 ------- Run | Yrd Mat Min Exi Min Mat Sto Combat Hostiles Destroyed 16 | . . 4 . . 12 . Melee 1 | . . . . . 1 . Guns 11 | . . 4 . . 7 . Cannons 4 | . . . . . 4 . Classes Destroyed 6 | . 1 1 . . 4 . Worker 1 | . . . . . 1 . Builder 1 | . . . . . 1 . Watcher 1 | . 1 . . . . . Swarmer 1 | . . . . . 1 . Grunt 14 | . . 4 . . 10 . Duelist 1 | . . . . . 1 . Best Kill Streak 9 | . 1 2 . . 9 . Combat Bots Only 7 | . . 2 . . 7 . Max Kills in Single Turn 2 | . 1 1 . . 2 . Gunslinging . | . . . . . . . Exploded . | . . . . . . . Melee 1 | . . . . . 1 . Uniques/NPCs Destroyed . | . . . . . . . Combat | -11 -10 -10 -10 -9 -8 -8 -------- Run | Yrd Mat Min Exi Min Mat Sto Hostile Shots Fired 147 | . . 21 . . 122 4 Missed 37 | . . 5 . . 31 1 Damage Taken 1657 | . . 191 . 24 1393 49 Core 635 | . . 78 . 5 521 31 Absorbed by Shields . | . . . . . . . Redirected to Shielding 5 | . . . . . 5 . Core Remaining (%) 83 | 100 . . . 66 . . Volleys Fired 55 | . 2 14 . . 38 1 Largest 2 | . 2 2 . . 2 1 Hottest 126 | . 70 70 . . 126 36 Shots Fired 101 | . 3 28 . . 69 1 Gun 80 | . 3 28 . . 49 . Cannon 20 | . . . . . 20 . Launcher 1 | . . . . . . 1 Special . | . . . . . . . Kinetic 50 | . 2 14 . . 34 . Thermal 50 | . 1 14 . . 35 . Explosive 1 | . . . . . . 1 Electromagnetic . | . . . . . . . Robot Hit Streak 9 | . 1 5 . . 9 . Robot Miss Streak 3 | . 1 1 . . 3 . Penetration Max 1 | . . . . . 1 . Secondary Targets 1 | . . 1 . . . . Max Gunslinging Chain 1 | . . 1 . . . . Shots Hit Robots 70 | . 4 20 . . 46 . Core Hits 42 | . 1 10 . . 31 . Critical Kills 5 | . . . . . 5 . Critical Parts Destroyed 4 | . . . . . 4 . Critical Strikes 11 | . . 1 . . 10 . Burn 1 | . . 1 . . . . Destroy 10 | . . . . . 10 . Melee Attacks 3 | . 3 . . . . . Impact . | . . . . . . . Slashing . | . . . . . . . Piercing . | . . . . . . . Sneak Attacks 3 | . 3 . . . . . Combat Hostiles . | . . . . . . . Follow-up Attacks . | . . . . . . . Damage Inflicted 1191 | . 13 222 . . 956 . Guns 725 | . 13 222 . . 490 . Cannons 439 | . . . . . 439 . Explosions . | . . . . . . . Melee . | . . . . . . . Ramming 27 | . . . . . 27 . Kinetic 587 | . . 58 . . 529 . Thermal 577 | . 13 164 . . 400 . Explosive . | . . . . . . . Electromagnetic . | . . . . . . . Impact . | . . . . . . . Slashing . | . . . . . . . Piercing . | . . . . . . . Highest Corruption . | . . . . . . . Average Corruption . | . . . . . . . Corruption Purged . | . . . . . . . Corruption Blocked . | . . . . . . . Overload Shots . | . . . . . . . Overflow Damage . | . . . . . . . Projectiles . | . . . . . . . Explosions . | . . . . . . . Melee . | . . . . . . . Knockbacks 5 | . . . . . 5 . Impact . | . . . . . . . Kinetic 3 | . . . . . 3 . Secondary 2 | . . . . . 2 . Self-Inflicted Damage 11 | . . . . . 11 . Shots . | . . . . . . . Rammed 13 | . . . . . 13 . Targets Rammed 13 | . . . . . 13 . Kicked . | . . . . . . . Crushed . | . . . . . . . Highest Temperature 234 | . 30 231 . . 234 . Average Temperature 84 | . 19 102 . . 75 . Received Heat Transfer 624 | . . 111 . . 486 27 Siege Activations . | . . . . . . . Robots Corrupted . | . . . . . . . Combat Hostiles . | . . . . . . . Parts Fried . | . . . . . . . Impact Corruptions . | . . . . . . . Robots Melted . | . . . . . . . Combat Hostiles . | . . . . . . . Parts Melted . | . . . . . . . Heat Transferred 1436 | . 37 555 . . 844 . Parts Sabotaged . | . . . . . . . Parts Stolen . | . . . . . . . Parts Stripped . | . . . . . . . Power Chain Reactions . | . . . . . . . Alert | -11 -10 -10 -10 -9 -8 -8 ------- Run | Yrd Mat Min Exi Min Mat Sto Peak Influence 257 | . 22 123 . . 257 102 Initial 46 | . . 8 . . . 46 Average 39 | . 12 38 . . 58 79 Maximum Alert Level 1 | . . . . . 1 . Low Security (%) 98 | 100 100 100 . 100 94 100 Level 1 1 | . . . . . 5 . Level 2 . | . . . . . . . Level 3 . | . . . . . . . Level 4 . | . . . . . . . Level 5 . | . . . . . . . High Security . | . . . . . . . Max Security . | . . . . . . . Squads Dispatched 6 | . 1 . . . 5 . Investigation . | . . . . . . . Extermination . | . . . . . . . Reinforcement 3 | . 1 . . . 2 . Assault . | . . . . . . . Garrison 3 | . . . . . 3 . Intercept . | . . . . . . . Searches Triggered . | . . . . . . . Construction Impeded . | . . . . . . . Haulers Reinforced . | . . . . . . . Active Scanning Responses . | . . . . . . . Cargo Convoy Interrupts . | . . . . . . . Stealth | -11 -10 -10 -10 -9 -8 -8 --------- Run | Yrd Mat Min Exi Min Mat Sto Distress Signals 2 | . . . . . 2 . Communications Jammed . | . . . . . . . Distress Signals . | . . . . . . . Times Spotted 30 | . 3 4 . . 22 1 Peak Tracking Total 8 | . 3 2 . . 8 2 Tactical Retreats 1 | . . . . . 1 . Traps | -11 -10 -10 -10 -9 -8 -8 ------- Run | Yrd Mat Min Exi Min Mat Sto Traps Triggered . | . . . . . . . Indirectly . | . . . . . . . Trap Hack Attempts . | . . . . . . . Triggered . | . . . . . . . Disarmed . | . . . . . . . Reprogrammed . | . . . . . . . Reused . | . . . . . . . Traps Extracted . | . . . . . . . Installed . | . . . . . . . Triggered . | . . . . . . . Machines | -11 -10 -10 -10 -9 -8 -8 ---------- Run | Yrd Mat Min Exi Min Mat Sto Machines Disabled 2 | . . . . . 1 1 Max in Single Turn 1 | . . . . . 1 1 Machines Repaired . | . . . . . . . Machines Dismantled . | . . . . . . . Machines Sabotaged . | . . . . . . . Overloaded Fab Kills . | . . . . . . . Hacking | -11 -10 -10 -10 -9 -8 -8 --------- Run | Yrd Mat Min Exi Min Mat Sto Machines Accessed 6 | . 3 . 1 1 1 . Terminals 4 | . 3 . . . 1 . Fabricators . | . . . . . . . Repair Stations . | . . . . . . . Recycling Units . | . . . . . . . Scanalyzers . | . . . . . . . Garrison Access . | . . . . . . . Total Hacks 12 | . 9 . 1 1 1 . Successful 4 | . 2 . 1 1 . . Failed 8 | . 7 . . . 1 . Catastrophic 2 | . 1 . . . 1 . Database Lockouts . | . . . . . . . Manual 8 | . 6 . 1 . 1 . Terminals 10 | . 9 . . . 1 . Fabricators . | . . . . . . . Repair Stations . | . . . . . . . Recycling Units . | . . . . . . . Scanalyzers . | . . . . . . . Garrison Access . | . . . . . . . Terminal Hacks 2 | . . . 1 1 . . Record 1 | . . . 1 . . . Open Door 1 | . . . . 1 . . Fabricator Hacks . | . . . . . . . Repair Station Hacks . | . . . . . . . Recycling Unit Hacks . | . . . . . . . Scanalyzer . | . . . . . . . Garrison Access Hacks . | . . . . . . . Unauthorized Hacks 2 | . 2 . . . . . Terminals 2 | . 2 . . . . . Botnet 2 | . 2 . . . . . Fabricators . | . . . . . . . Repair Stations . | . . . . . . . Recycling Units . | . . . . . . . Scanalyzers . | . . . . . . . Garrison Access . | . . . . . . . Data Cores Recovered . | . . . . . . . Used . | . . . . . . . Hacking Detections 4 | . 3 . . . 1 . Full Trace Events . | . . . . . . . Feedback Events . | . . . . . . . Feedback Blocked . | . . . . . . . Robot Schematics Acquired . | . . . . . . . Robots Built . | . . . . . . . Authchips . | . . . . . . . Time . | . . . . . . . Total Robot Build Rating . | . . . . . . . Part Schematics Acquired . | . . . . . . . Parts Built . | . . . . . . . Authchips . | . . . . . . . Time . | . . . . . . . Total Part Build Rating . | . . . . . . . Parts Repaired . | . . . . . . . Time . | . . . . . . . Parts Recycled . | . . . . . . . Recycled Matter . | . . . . . . . Retrieved Matter . | . . . . . . . Retrieved Components . | . . . . . . . Parts Scanalyzed . | . . . . . . . Part Schematics Acquired . | . . . . . . . Parts Damaged . | . . . . . . . Bothacking | -11 -10 -10 -10 -9 -8 -8 ------------ Run | Yrd Mat Min Exi Min Mat Sto Used RIF Installer . | . . . . . . . Robots Hacked 1 | . 1 . . . . . Non-combat 1 | . 1 . . . . . Combat . | . . . . . . . Robot Hacks Applied 2 | . 2 . . . . . parse_system 1 | . 1 . . . . . no_distress 1 | . 1 . . . . . Relay Couplers Released . | . . . . . . . Fabnet Peak Effective % . | . . . . . . . Robots Rewired . | . . . . . . . Allies Hacked . | . . . . . . . Hacks Repelled . | . . . . . . . Allies | -11 -10 -10 -10 -9 -8 -8 -------- Run | Yrd Mat Min Exi Min Mat Sto Total Allies . | . . . . . . . Largest Group . | . . . . . . . Highest-Rated Group . | . . . . . . . Highest-Rated Ally . | . . . . . . . Total Orders . | . . . . . . . Ally Attacks . | . . . . . . . Total Damage . | . . . . . . . Kills . | . . . . . . . Allies Corrupted . | . . . . . . . Allies Melted . | . . . . . . . Intel | -11 -10 -10 -10 -9 -8 -8 ------- Run | Yrd Mat Min Exi Min Mat Sto Robot Analysis Total . | . . . . . . . Derelict Logs Recovered 4 | . . 2 . 2 . . Drone Launches . | . . . . . . . Drone Recoveries . | . . . . . . . Exploration | -11 -10 -10 -10 -9 -8 -8 ------------- Run | Yrd Mat Min Exi Min Mat Sto Turns Passed 2675 | 3 252 902 466 272 546 234 Spaces Moved 1864 | 3 193 674 386 222 268 118 Core 107 | . . . . . 60 47 Treads 2 | . . . . . 2 . Legs 1547 | 3 193 674 386 222 69 . Wheels . | . . . . . . . Hover 137 | . . . . . 137 . Flight 71 | . . . . . . 71 Fastest Speed 35 | 120 120 120 120 120 50 35 Average Speed 111 | 120 120 120 120 120 92 49 Slowest Speed 260 | 120 120 120 120 120 260 150 Overloaded Moves . | . . . . . . . Propulsion Burnouts . | . . . . . . . Robots Hopped . | . . . . . . . Cave-ins Triggered . | . . . . . . . Exploration Rate (%) 40 | 2 33 93 64 45 32 14 Regions Visited 6 Branch Regions 4 Pre-discovered Areas 3 | . . 2 . 1 . . Known Exits Taken 5 | . 1 1 1 1 1 . Unknown Exits Taken 1 | 1 . . . . . . Scrap Searched 2 | . . 1 . 1 . . Spaces Dug . | . . . . . . . Terrain Destroyed 19 | . . . . . 8 11 Melee . | . . . . . . . Projectile 8 | . . . . . 8 . AOE 11 | . . . . . . 11 Terrain Rammed . | . . . . . . . Walls Destroyed . | . . . . . . . Machines Disabled . | . . . . . . . Actions | -11 -10 -10 -10 -9 -8 -8 --------- Run | Yrd Mat Min Exi Min Mat Sto Total 2359 | 2 208 743 388 227 499 292 Wait 379 | . . 50 . . 162 167 Move 1858 | 2 192 673 385 221 267 118 Hop . | . . . . . . . Pick Up 10 | . 3 2 . 2 3 . Fast Attach 9 | . 2 . . . 4 3 Attach 10 | . . . . 2 7 1 Detach 4 | . . . . . 3 1 Swap 8 | . 3 2 1 1 1 . Drop 8 | . 3 2 . 1 1 1 Fire 55 | . 2 14 . . 38 1 Melee 3 | . 3 . . . . . Ram 13 | . . . . . 13 . Kick . | . . . . . . . Crush . | . . . . . . . Escape Stasis . | . . . . . . . Rewire 2 | . . . 2 . . . Trap . | . . . . . . . Miscellaneous . | . . . . . . . Route ------- -11/Scrapyard -10/Materials -10/Mines (discovered 3 exits: *Mat x2 / *Exi) -10/Exiles (discovered 2 exits: *Min x2) -9/Mines -8/Materials (discovered 2 exits: *Sto x2) -8/Storage History --------- Turn | Location | Event 1 | -11/Scrapyard | Discovered new exit (range 1) 4 | -11/Scrapyard | Entered Materials 158 | -10/Materials | Discovered new exit (range 16) 243 | -10/Materials | Identified exit to Mines 256 | -10/Materials | Entered Mines 264 | -10/Mines | Discovered new exit (range 3) 265 | -10/Mines | Learned location of Zion (-7) 266 | -10/Mines | Identified exit to Materials 292 | -10/Mines | Met a Derelict bent on vengeance 311 | -10/Mines | Build established: Mutant 428 | -10/Mines | Discovered exit to Materials (range 9) 1152 | -10/Mines | Deemed a non-threat by the Exiles lab entrance 1153 | -10/Mines | Discovered new exit (range 5) 1157 | -10/Mines | Identified exit to Exiles 1158 | -10/Mines | Entered Exiles 1174 | -10/Exiles | Discovered new exit (range 15) 1190 | -10/Exiles | Identified exit to Mines 1212 | -10/Exiles | Met 8R-AWN 1238 | -10/Exiles | Met EX-HEX 1334 | -10/Exiles | Met EX-BIN 1349 | -10/Exiles | Aligned with FarCom system 1350 | -10/Exiles | Given EX-Vault access code 1430 | -10/Exiles | Opened EX-Vault 1463 | -10/Exiles | Warned to stay clear of 0b10 Research branches 1479 | -10/Exiles | Exiles lab attacked by MAIN.C 1605 | -10/Exiles | Discovered exit to Mines (range 14) 1624 | -10/Exiles | Entered Mines 1709 | -9/Mines | Learned location of 1 exit from Proximity Caves 1715 | -9/Mines | YI-UF0 nonchalantly dropped a Grenade Launcher on the ground 1743 | -9/Mines | A weapon hastily lodged in a ceiling crevice suddenly fell to the ground 1819 | -9/Mines | Met a Derelict who couldn't figure out how to use a Trap Extractor 1888 | -9/Mines | Discovered new exit (range 6) 1894 | -9/Mines | Learned location of Storage (-8) 1894 | -9/Mines | Identified exit to Materials 1896 | -9/Mines | Entered Materials 1896 | -8/Materials | Evolved 4 slots: Propulsion x2, Utility x2 1897 | -8/Materials | Identified exit to Storage 2303 | -8/Materials | Destroyed 7 combat bots 2307 | -8/Materials | Released all parts (5) 2314 | -8/Materials | Core integrity fell below 50% 2329 | -8/Materials | Lost 6 parts (1p2n3w) 2381 | -8/Materials | Discovered exit to Storage (range 13) 2420 | -8/Materials | Released all parts (2) 2434 | -8/Materials | Core integrity fell below 20% 2442 | -8/Materials | Entered Storage 2676 | -8/Storage | Destroyed by Y-45 Defender with Heavy Assault Rifle Last Messages --------------- 02420_ Released Imp. Propulsion Shielding. 02424_ Slammed into S-10 Pest. 02429_ S-10 Pest destroyed. [Achievement: Fist Fight] 02430_ Acquired 20 matter. LOCATION=STORAGE GOAL=ESCAPE 02442_ Receiving FarCom transmissions... 02477_ Storage Shell breached. 02487_ Acquired Prototype Ballistic Gun. 02487_ Identified Enh. Autogun. 02490_ Acquired Prototype Ballistic Gun. 02490_ Identified Imp. Assault Rifle. 02494_ Acquired Prototype Flight Unit. 02494_ Identified Imp. VTOL Module. 02495_ Dropped Imp. Assault Rifle. 02651_ K-01 Serf collects debris. 02662_ U-05 Engineer builds a Door. 02663_ K-01 Serf collects debris. 02673_ Critical hit (Burn: +37). Map ----- +----------------------------------------------------+ | ?????????????????????????????????????????????????? | | ?????????????????????????????????????????????????? | | ?????????????????????????????????????????????????? | | ?????????????????????????????????????????????????? | | ?????????????????????????????????????????????????? | | ?????????????????????????????????????????????????? | | ?????????????????????????????????????????????????? | | ?????????????????????????????????????????????????? | | ?????????????????????????????????????????????????? | | ?????????????????????????????????????????????????? | | ?????????????????????g???????????????????????????? | | ???????????????????g?????????????????????????????? | | ?????????????????????????????????????????????????? | | ????????????????????????????????????"############# | | ???????????????????????????????????? # # | | ????????????????????????????????????" # # | | ???????????????????g????????????????" # """" # | | ??????????????????????????????????""" # "[[" # | | ???????????????????????????????#?? # "[[" # | | ??????????????????#????????????# """ # " [" | | ??????????????????# ???????????? """ # " [ | | ??????????????????# ???????????? """ ?# """ | | ?????????????????## ????????Y???? ?# | | ?????????????????# ##############+######+## | | ?????????????????# a | | ?????????????????# !Y @ | | ?????????????????# | | ?????????????????# ########################+## | | ?????????????????#####?????????????????????# | | ???????????????????????????????????????????# | | ???????????????????????????????????????????# | | ???????????????????????????????????????????# | | ??????????????????????????????????????????"" """" | | ????????????????????????????????????????#"R """" | | ????????????????????????????????????????#""" """" | | ????????????????????????????????????????#### """" | | ???????????????????????????????????????????# | | ????????????????????????????????????????????##???# | | | | | | | | | | | | | | | | | | | | | | | | | +----------------------------------------------------+ Best States ------------- Heat Dissipation 45 Energy Generation 10 Energy Capacity 250 Matter Stores 300 Matter Capacity 300 Sight Range 16 Terrain Scan Density 10 Propulsion Shielding 66 Evasion (%) 63 Recoil Reduction 2 Item Schematics ----------------- None Robot Schematics ------------------ None Fabricated ------------ Nothing Alien Tech Used ----------------- None Achievements -------------- Fist Fight Challenges ------------ None Game ------ Seed ScrapChargeSubcomponent Manual? 0 Play Time 00:29:15 Cumulative 10.2 hours Start 2024.04.18 @ 16:04:20 End 2024.04.18 @ 16:32:11 Sessions 1 Manual Loads 0 Difficulty Rogue Special Mode None Game No. 23 Rogue 21 Adventurer 2 Explorer 0 Win Type - Total 0 Types 0/0/0/0/0/0/0/0/0 Lore% 16 Gallery% 20 Achievement% 18 Wizard Run 0 Options --------- Layout 0 ASCII 0 Keyboard 0 Movement Vi Keybinds 0 Fullscreen 2 Font 24/Terminus Map View 76x50 Zoom Use 0% Tactical HUD 1 Map Filters NONE Filters NONE Steam 1 RUN: deeaa4a5-d727-4d25-8acf-484f9c6382ff